 Seeded DCSS version 0.27-a0-40-g5f2be0e231 (webtiles) character file.

Game seed: 20210105 (custom seed)

53 muata the Chiller (level 3, -1/24 HPs)
             Began as a Merfolk Ice Elementalist on Jan 5, 2021.
             Slain by a goblin
             ... wielding a +0 club
              (4 damage)
             ... on level 2 of the Dungeon.
             The game lasted 00:11:06 (1843 turns).

muata the Chiller (Merfolk Ice Elementalist)        Turns: 1843, Time: 00:11:07

Health: -1/24      AC:  1    Str:  8    XL:     3   Next: 89%
Magic:  2/6        EV: 13    Int: 15    God:
Gold:   80         SH:  0    Dex: 14    Spells: 6/7 levels left

rFire    . . .     SeeInvis .   q - +0 trident
rCold    . . .     Faith    .   (no shield)
rNeg     . . .     Spirit   .   k - -2 leather armour (curse)
rPois    .         Reflect  .   (no helmet)
rElec    .         Harm     .   (no cloak)
rCorr    .         Rampage  .   (no gloves)
Will     .....                  (no boots)
Stlth    ++........             (no amulet)
HPRegen  0.08/turn              (no ring)
MPRegen  0.10/turn              (no ring)

@: no status effects
A: change form in water, swift swim, stealthy swim
a: no special abilities


You were on level 2 of the Dungeon.
You visited 1 branch of the dungeon, and saw 2 of its levels.

You collected 80 gold pieces.

Inventory:

Hand Weapons
 e - a +0 hunting sling
 q - a +0 trident (weapon)
Missiles
 b - 3 javelins
 c - 44 stones (quivered)
 o - 20 sling bullets
Armour
 a - a +0 robe
 g - a +0 leather armour
 k - a cursed -2 leather armour (worn)
Jewellery
 l - a +4 ring of protection {unknown}
 n - an uncursed amulet of the acrobat {unknown}
Scrolls
 h - a scroll of teleportation {unknown}
 j - a scroll of remove curse {unknown}
 m - a scroll of identify {unknown}
 p - a scroll of blinking {unknown}
Potions
 d - 2 potions of curing {unknown}
 f - a potion of cancellation {unknown}
 i - a potion of heal wounds {unknown}


   Skills:
 + Level 0.4 Polearms
 - Level 1.0 Throwing
 + Level 3.4 Dodging
 - Level 2.2 Stealth
 + Level 2.5 Spellcasting
 + Level 5.0 Ice Magic


You had 6 spell levels left.
You knew the following spells:

 Your Spells              Type           Power        Failure   Level
a - Freeze                Ice            64%          4%          1

Your spell library contained the following spells:

 Spells                   Type           Power        Failure   Level
 Frozen Ramparts          Ice            32%          12%         3
 Ozocubu's Armour         Ice            16%          12%         3
 Hailstorm                Conj/Ice       9%           73%         4
 Summon Ice Beast         Ice/Summ       9%           73%         4


Dungeon Overview and Level Annotations

Branches:
Dungeon (2/15)

Altars:
Nemelex Xobeh


Message History

The worm barely misses you.
Casting: Freeze (safe; 4% risk of failure)
Confirm with . or Enter, or press ? or * to list all spells.
Aiming: Freeze (safe; 4% risk of failure)
Press: ? - help, Shift-Dir - straight line, f/p - worm
Aim: a worm (moderately wounded)
You freeze the worm.
The worm is heavily wounded.
The goblin barely misses you. The goblin hits you with a +0 club.
* * * LOW HITPOINT WARNING * * *
Unknown command.
Casting: Freeze (safe; 4% risk of failure)
Confirm with . or Enter, or press ? or * to list all spells.
Aiming: Freeze (safe; 4% risk of failure)
Press: ? - help, Shift-Dir - straight line, f/p - worm
Aim: a worm (heavily wounded)
You freeze the worm.
The worm is almost dead.
The goblin hits you with a +0 club.
You die...

# # .## ##. ...##
##..# #.... ..#.#
#.#...#
#.#.#.#.#..#
#.#[#.##..#
#...###..#
#.#@#.##..# #
#.#w#g#(#..#
.^.#(###÷#...######
#.(.#####.÷.......#
#(........##.###..#
#..#.....>...).# .#
...
#.#######.#<#..#
(..
#.#######.÷....#
.........#..###


You could see a worm and a goblin (fast).

Vanquished Creatures
  An adder (D:2)
  2 leopard geckos
  4 giant cockroaches (D:1)
  5 goblins (D:1)
  6 hobgoblins (D:1)
  5 kobolds
  A ball python (D:1)
  8 bats
  3 frilled lizards
  7 rats
42 creatures vanquished.

Notes
Turn   | Place    | Note
-------+----------+-------------------------------------------
     0 | D:1      | muata the Merfolk Ice Elementalist began the quest for the
                  | Orb.
     0 | D:1      | Reached XP level 1. HP: 13/13 MP: 3/3
   346 | D:1      | Reached XP level 2. HP: 19/19 MP: 3/5
   910 | D:1      | Reached XP level 3. HP: 24/24 MP: 4/6
  1035 | D:1      | Found a sparkling altar of Nemelex Xobeh.
  1241 | D:1      | Reached skill level 1 in Throwing
  1559 | D:2      | Reached skill level 5 in Ice Magic
  1843 | D:2      | Slain by a goblin

Illustrated notes

Levels and vault maps discovered:
D:1:      kilobyte_arrival_exit_the_forest, layout_loops_corners,
          nemelex_diamond_rough_becter
D:2:      layout_loops_ring, chequers_ecumenical_altar_simple_redux,
          minmay_circle_x, uniq_jessica, uniq_robin, uniq_natasha

Skill      XL: |  1  2  3 |
---------------+----------+-----
Dodging        | 3 |  3.4
Throwing       | 1 |  1.0
Ice Magic      | 5 |  5.0
Polearms       | |  0.4
Stealth        | |  2.2
Spellcasting   | |  2.5

Action                   || total
-------------------------++-------
Melee: Unarmed           ||     8
       Hunting sling     ||     8
       Trident           ||    19
 Fire: Hunting sling     ||    28
Throw: Javelin           ||     9
       Stone             ||     7
 Cast: Freeze            ||    42
 Stab: Sleeping          ||     1
Armor: Robe              ||     8
       Leather armour    ||     3
Dodge: Dodged            ||    70

Table legend: (Time is in decaauts)
 A = Elapsed time spent in this place.
 B = Non-inter-level travel time spent in this place.
 C = Inter-level travel time spent in this place.
 D = Time resting spent in this place.
 E = Time spent auto-exploring this place.
 F = Levels seen in this place.
 G = Mean time per level.
                   A        B        C        D        E       F      G
               +--------+--------+--------+--------+--------+-----+--------+
         Total |   1855 |   1801 |     54 |    379 |    925 |   2 |  927.5 |
       Dungeon |   1855 |   1801 |     54 |    379 |    925 |   2 |  927.5 |
               +--------+--------+--------+--------+--------+-----+--------+

Top non-repeatable levels by time:
     D:1: 1682 daAuts
     D:2: 172 daAuts
